 Dungeon Sprint DCSS version 0.14-a0-30-gf0b6e91 (console) character file.

364 Dalvant the Arsonist (level 5, -9/28 HPs)
             Began as a Deep Elf Fire Elementalist on Sept 27, 2013.
             Mangled by a giant amoeba (15 damage)
             ... in the Dungeon (Sprint I: "Red Sonja").
             The game lasted 00:01:00 (248 turns).

Dalvant the Arsonist (Deep Elf Fire Elementalist)    Turns: 248, Time: 00:01:00

HP  -9/28        AC  2     Str  5      XL: 5   Next: 34%
MP   9/18        EV 15     Int 21      God:
Gold 182         SH  0     Dex 15      Spells:  3 memorised,  3 levels left

Res.Fire  : . . .   See Invis. : .   (no weapon)
Res.Cold  : . . .   Warding    : .   a - +0 elf robe
Life Prot.: . . .   Conserve   : .   (no shield)
Res.Poison: .       Res.Corr.  : .   (no helmet)
Res.Elec. : .       Clarity    : .   (no cloak)
Sust.Abil.: . .     Spirit.Shd : .   (no gloves)
Res.Mut.  : .       Prev.Telep.: +   (no boots)
Res.Rott. : .       Flight     : .   (no amulet)
Saprovore : . . .                    (no ring)
                                     (no ring)

@: slightly resistant to hostile enchantments, stealthy
A: no striking features
a: no special abilities


You were in the Dungeon.
You were not hungry.

You visited 1 branch You collected 162 gold pieces.

Inventory:

Armour
 a - a +0 elven robe (worn)
Comestibles
 c - a bread ration
Scrolls
 i - a scroll of blinking
Potions
 d - a potion of curing
 e - a potion of heal wounds
 f - a potion of speed
 g - 2 potions of magic
Books
 b - a book of Flames

   Spells                             Type                      Level
   *Flame Tongue                      Conjuration/Fire             1
   Throw Flame                        Conjuration/Fire             2
   Conjure Flame                      Conjuration/Fire             3
   Inner Flame                        Hexes/Fire                   3
   *Sticky Flame                      Conjuration/Fire             4
   *Fireball                          Conjuration/Fire             5


   Skills:
 - Level 5.0 Dodging
 - Level 4.4 Stealth
 + Level 4.9 Spellcasting
 * Level 3.6 Conjurations
 + Level 9.9 Fire Magic


You had 3 spell levels left.
You knew the following spells:

 Your Spells              Type           Power        Failure   Level  Hunger
a - Flame Tongue          Conj/Fire      ####.        1%          1    None
c - Sticky Flame          Conj/Fire      ####....     8%          4    ####...
v - Fireball              Conj/Fire      ####......   21%         5    #####..


Dungeon Overview and Level Annotations

Branches:
Dungeon (1/1)

Altars:
Okawaru
Vehumet
Xom


Message History

The giant amoeba burns!
The giant amoeba hits you!
Ouch! That really hurt!
* * * LOW HITPOINT WARNING * * *
The giant amoeba burns!
The giant amoeba burns!
There is an open door here.
The giant amoeba burns!
The giant amoeba stops burning.
Things that are here:
a scythe of freezing; a robe; the human corpse of Sigmund
Casting: Sticky Flame
Confirm with . or Enter, or press ? or * to list all spells.
Aiming: Sticky Flame
Press: ? - help, Shift-Dir - straight line, f/p - giant amoeba
Aim: a giant amoeba (heavily wounded)
The sticky flame hits the giant amoeba.
The giant amoeba is severely wounded.
The giant amoeba is covered in liquid flames!
The giant amoeba burns!
The giant amoeba hits you!
Ouch! That really hurt!
You die...

################ ##
#<<#..)..#@J'..#__#
#<.'..#..'..#..'^.+
#..#####'#####+#__#
#..# #..# ## #..#
#### #..# #⌠⌠# ####


You could see a giant amoeba (burning).

Vanquished Creatures
  An ogre (D)
  Sigmund (D)
  Ijyb (D)
3 creatures vanquished.

Notes
Turn   | Place    | Note
--------------------------------------------------------------
     0 | D        | Dalvant, the Deep Elf Fire Elementalist, began the quest for the Orb.
     0 | D        | Reached XP level 1. HP: 10/10 MP: 4/4
     1 | D        | Noticed Ijyb
     9 | D        | Killed Ijyb
     9 | D        | Reached skill level 5 in Fire Magic
     9 | D        | Reached XP level 2. HP: 15/15 MP: 0/7
    61 | D        | Noticed an ogre
    66 | D        | Killed an ogre
    66 | D        | Reached skill level 5 in Dodging
    66 | D        | Reached skill level 8 in Fire Magic
    66 | D        | Reached XP level 3. HP: 19/19 MP: 2/11
    66 | D        | Reached XP level 4. HP: 24/24 MP: 2/14
   154 | D        | Learned a level 4 spell: Sticky Flame
   156 | D        | Noticed Sigmund
   161 | D        | Killed Sigmund
   161 | D        | Reached skill level 9 in Fire Magic
   161 | D        | Reached XP level 5. HP: 23/28 MP: 10/18
   169 | D        | Learned a level 5 spell: Fireball
   240 | D        | Found an iron altar of Okawaru.
   240 | D        | Found an iron altar of Okawaru.
   240 | D        | Found a radiant altar of Vehumet.
   240 | D        | Found a shimmering altar of Xom.
   240 | D        | Noticed a giant amoeba
   248 | D        | Mangled by a giant amoeba

Action                   |  1- 3 |  4- 6 || total
-------------------------+-------+-------++-------
Melee: Unarmed           |     3 |       ||     3
 Cast: Flame Tongue      |     8 |     5 ||    13
       Sticky Flame      |       |     3 ||     3
  Use: Potion            |     1 |       ||     1
